[Event "Titled Tuesday Blitz March 15 Late 2022"]
[White "P., Komal Kishore"]
[Black "Vargas Pereda, Jesus Manue"]
[WhiteFideId "5016703"]
[BlackFideId "5115710"]
[WhiteElo "2100"]
[BlackElo "1858"]
[Result "1-0"]
[Round "10"]
[TimeControl "180+1"]
[Date "2022.03.16"]
[WhiteClock "0:00:26"]
[BlackClock "0:00:30"]

1. e4 c5 2. Nf3 a5 3. Bc4 e6 4. Nc3 Nc6 5. d3 d6 6. O-O Nf6 7. h3 Be7 8. Bf4 e5 9. Be3 Be6 10. Qd2 Bxc4 11. dxc4 Nd4 12. Nh2 O-O 13. Bg5 h6 14. Bxf6 Bxf6 15. Nd5 Bg5 16. Qd3 Ne6 17. g3 Nc7 18. h4 Nxd5 19. Qxd5 Be7 20. Ng4 Qd7 21. Ne3 Qc6 22. Rfd1 Qxd5 23. Nxd5 Bd8 24. a4 Ra6 25. Ra3 Rc6 26. Rb3 b6 27. Rdd3 f5 28. f3 f4 29. Kg2 fxg3 30. Kxg3 g5 31. h5 Kf7 32. Kg4 Ke6 33. Rb5 Rc8 34. Nxb6 Bxb6 35. Rxb6 Rf4+ 36. Kg3 Rcf8 37. Ra6 g4 38. fxg4 Rg8 39. Rdxd6+ Ke7 40. Rg6 Rd8 41. Ra7+ Rd7 42. Rg7+ 1-0


[Site "https://www.chess.com"]

[Event "Titled Tuesday Blitz March 15 Late 2022"]
[White "Papasimakopoulos, Alexandros"]
[Black "Demchenko, Anton"]
[WhiteFideId "4244125"]
[BlackFideId "4160258"]
[WhiteElo "2340"]
[BlackElo "2539"]
[Result "1-0"]
[Round "10"]
[TimeControl "180+1"]
[Date "2022.03.15"]
[WhiteClock "0:00:13"]
[BlackClock "0:00:04"]

1. d4 Nf6 2. c4 d6 3. Nc3 e5 4. Nf3 Nc6 5. Bg5 h5 6. e3 Be7 7. Qc2 exd4 8. exd4 Bg4 9. d5 Bxf3 10. gxf3 Ne5 11. f4 Nf3+ 12. Kd1 Qd7 13. Bxf6 gxf6 14. Be2 Nd4 15. Qe4 Nxe2 16. Nxe2 O-O-O 17. Ng3 h4 18. Nf5 Rde8 19. Re1 Bd8 20. Qd3 Reg8 21. Ne3 h3 22. Kc2 f5 23. Rg1 Re8 24. Nxf5 Rh7 25. Rae1 Rxe1 26. Rxe1 Rh8 27. Ng3 Rh4 28. Qe4 a6 29. a3 Rg4 30. Kb3 b5 31. Re3 bxc4+ 32. Qxc4 Kb7 33. Ka2 Bf6 34. Rb3+ Ka7 35. Qb4 Qc8 36. Nf1 Be5 37. Rf3 Qf5 38. Rb3 Qc8 39. Ne3 Rxf4 40. Nc4 Bf6 41. f3 Qa8 42. a4 Rd4 43. Kb1 Rxd5 44. Na5 Rc5 45. Qe1 Be5 46. Rb7+ Qxb7 47. Nxb7 Kxb7 48. Qf1 Rc6 49. Qxh3 Rb6 50. Qg2 Rb4 51. f4+ Kb6 52. fxe5 dxe5 53. Qf2+ Kc6 54. Qxf7 Rxa4 55. Qe8+ Kd5 56. Qxa4 1-0


[Site "https://www.chess.com"]

[Event "Titled Tuesday Blitz March 15 Late 2022"]
[White "Peatman, Carter"]
[Black "Przybylski, Wojciech"]
[WhiteFideId "2096480"]
[BlackFideId "1117599"]
[WhiteElo "2464"]
[BlackElo "2133"]
[Result "1-0"]
[Round "10"]
[TimeControl "180+1"]
[Date "2022.03.15"]
[WhiteClock "0:01:18"]
[BlackClock "0:00:09"]

1. d4 Nf6 2. Bf4 e6 3. e3 b6 4. Nf3 c5 5. c3 Bb7 6. Be2 Be7 7. h3 O-O 8. O-O d6 9. Bh2 Nbd7 10. a4 Re8 11. Nbd2 a6 12. Nc4 Nf8 13. Qb3 cxd4 14. cxd4 Bd5 15. Qxb6 Rb8 16. Qxd8 Rexd8 17. Nfd2 Bxc4 18. Nxc4 Rb4 19. a5 Ne4 20. Rfd1 d5 21. Nb6 Rxb2 22. Re1 Bb4 23. Bxa6 Bxe1 24. Rxe1 Ra2 25. Bc7 Rxa5 26. Bxd8 Rxa6 27. Rb1 f6 28. Be7 Kf7 29. Bxf8 Kxf8 30. Nd7+ Ke7 31. Nc5 Nxc5 32. dxc5 Ra7 33. Rb6 Rc7 34. Kf1 Rxc5 35. Rb7+ Kf8 36. Ke2 Rc2+ 37. Kf3 e5 38. Rd7 Rd2 39. g4 h6 40. h4 Kg8 41. h5 Kh7 42. Kg3 Kg8 43. Kf3 Kf8 44. Kg3 e4 45. Kg2 d4 46. Rxd4 Rxd4 47. exd4 Kf7 48. f3 exf3+ 49. Kxf3 Ke6 50. Ke4 Kd6 51. Kf5 Kd5 52. Kg6 Kxd4 53. Kxg7 Ke5 54. Kxh6 Kf4 55. Kg6 Kxg4 56. h6 f5 57. h7 f4 58. h8=Q f3 59. Qh2 f2 60. Qxf2 Kh3 61. Qg1 Kh4 62. Kf5 Kh3 63. Kf4 Kh4 64. Qh1# 1-0


[Site "https://www.chess.com"]

[Event "Titled Tuesday Blitz March 15 Late 2022"]
[White "Pesotskiy, Mikhail"]
[Black "Aldokhin, Ivan"]
[WhiteFideId "34164453"]
[BlackFideId "24115720"]
[WhiteElo "2010"]
[BlackElo "2231"]
[Result "1-0"]
[Round "10"]
[TimeControl "180+1"]
[Date "2022.03.15"]
[WhiteClock "0:00:49"]
[BlackClock "0:00:02"]

1. d4 e6 2. c4 d5 3. Nc3 Ne7 4. Bf4 a6 5. Nf3 dxc4 6. a4 Nd5 7. Bg5 Be7 8. Bxe7 Qxe7 9. e4 Nxc3 10. bxc3 O-O 11. Bxc4 b6 12. O-O Bb7 13. Qe2 Nd7 14. e5 c5 15. Rab1 cxd4 16. cxd4 Rfc8 17. Bd3 h6 18. Rfc1 Qa3 19. Rxc8+ Rxc8 20. Bxa6 Rc1+ 21. Rxc1 Qxc1+ 22. Qf1 Qxf1+ 23. Bxf1 Bxf3 24. gxf3 g5 25. Kg2 Nf8 26. Bd3 f5 27. exf6 Kf7 28. f4 Kxf6 29. fxg5+ hxg5 30. Kf3 e5 31. Ke4 exd4 32. Kxd4 Ke6 33. Kc4 Nd7 34. Kb5 Nc5 35. Bc2 Kd5 36. Kxb6 Nd7+ 37. Kb5 1-0


[Site "https://www.chess.com"]

[Event "Titled Tuesday Blitz March 15 Late 2022"]
[White "Petesch, Gabriel"]
[Black "Borodavkin, Anatoly"]
[WhiteFideId "2032465"]
[BlackFideId "14150662"]
[WhiteElo "2374"]
[BlackElo "1845"]
[Result "1-0"]
[Round "10"]
[TimeControl "180+1"]
[Date "2022.03.16"]
[WhiteClock "0:00:52"]
[BlackClock "0:00:01"]

1. d4 d5 2. Nf3 Nc6 3. c4 Bg4 4. Nc3 e6 5. Bf4 Nf6 6. e3 Bd6 7. Bg3 O-O 8. Be2 Ne7 9. Bh4 c6 10. Bg3 Nf5 11. O-O Nxg3 12. hxg3 h6 13. Rc1 Rc8 14. Nd2 Bxe2 15. Qxe2 Qa5 16. e4 dxe4 17. Ndxe4 Nxe4 18. Qxe4 Bb4 19. a3 Bxc3 20. Rxc3 Rcd8 21. Rd1 Rd7 22. Rcd3 Rfd8 23. g4 c5 24. d5 exd5 25. cxd5 Qb6 26. g3 Qxb2 27. Kg2 b6 28. d6 Qf6 29. Qc6 Qe6 30. Kf3 f5 31. gxf5 Qxf5+ 32. Kg2 Rf8 33. R1d2 Rff7 34. Qa8+ Kh7 35. Qc6 Kg8 36. a4 Qe6 37. Re3 Qf5 38. Qa8+ Kh7 39. Qc6 h5 40. a5 h4 41. gxh4 Rf6 42. h5 Qg4+ 43. Rg3 Qf4 44. Qxd7 1-0


[Site "https://www.chess.com"]

[Event "Titled Tuesday Blitz March 15 Late 2022"]
[White "Petrova, Irina"]
[Black "Elissalt Cardenas, Hector"]
[WhiteFideId "14124122"]
[BlackFideId "3500632"]
[WhiteElo "1993"]
[BlackElo "2159"]
[Result "0-1"]
[Round "10"]
[TimeControl "180+1"]
[Date "2022.03.16"]
[WhiteClock "0:00:19"]
[BlackClock "0:01:34"]

1. e4 d6 2. d4 Nf6 3. Nc3 e5 4. dxe5 dxe5 5. Qxd8+ Kxd8 6. Bg5 Be6 7. g3 Kc8 8. f4 Bb4 9. Bxf6 gxf6 10. f5 Bxc3+ 11. bxc3 Bd7 12. Bc4 Bc6 13. Bd5 Bxd5 14. exd5 Nd7 15. Nf3 Nb6 16. O-O-O Rd8 17. c4 Nxc4 18. Nd2 Ne3 19. Rde1 Nxd5 20. Ne4 b5 21. Nc5 a5 22. Rd1 c6 23. Ne4 Kc7 24. Rhe1 a4 25. Kb2 a3+ 26. Kb3 Ra4 27. Rd3 Rb4+ 28. Kxa3 Ra8# 0-1


[Site "https://www.chess.com"]

[Event "Titled Tuesday Blitz March 15 Late 2022"]
[White "Pichot, Alan"]
[Black "Nakamura, Hikaru"]
[WhiteFideId "110973"]
[BlackFideId "2016192"]
[WhiteElo "2579"]
[BlackElo "2850"]
[Result "0-1"]
[Round "10"]
[TimeControl "180+1"]
[Date "2022.03.15"]
[WhiteClock "0:00:05"]
[BlackClock "0:00:15"]

1. e4 c5 2. Nf3 e6 3. d4 cxd4 4. Nxd4 a6 5. c4 Nf6 6. Nc3 Qc7 7. Be2 Nc6 8. O-O Nxd4 9. Qxd4 Bc5 10. Qd3 d6 11. Bf4 h6 12. Rfd1 e5 13. Be3 Bxe3 14. Qxe3 Be6 15. b3 O-O 16. Rd2 Rac8 17. Rad1 Rfd8 18. Na4 Qc6 19. Nb6 Rb8 20. c5 Qxe4 21. Rxd6 Rxd6 22. cxd6 Qxe3 23. fxe3 Rd8 24. Bc4 Bg4 25. Rd2 Ne4 26. Rd5 Rxd6 27. h3 Rxb6 28. hxg4 Kf8 29. Rxe5 Nd6 30. Be2 Rc6 31. Rd5 Ke7 32. Rd2 Rc3 33. Bd3 Ke6 34. Kf2 Ke5 35. Kf3 f6 36. Bg6 a5 37. Bh7 Rc8 38. Bg6 b6 39. Bh7 Rd8 40. Rc2 Nf7 41. Bg6 Ng5+ 42. Ke2 Ne6 43. Rc6 Rd6 44. Rc4 Nc5 45. b4 axb4 46. Rxb4 Rc6 47. Be8 Rc8 48. Bg6 Rb8 49. a4 Kd6 50. a5 b5 51. Rd4+ Kc7 52. Rd5 Kc6 53. e4 Ra8 54. Kd2 Nb3+ 55. Kc3 Nxa5 56. Kb4 Nc4 57. Rxb5 Ne5 58. Bf5 Nd3+ 59. Kc4 Ne5+ 60. Kb4 Ra2 61. Rc5+ Kd6 62. Rd5+ Ke7 63. Rb5 g6 64. Bc8 Rxg2 65. Rb7+ Kd8 66. Be6 Rb2+ 67. Bb3 Nc6+ 68. Kc3 Rg2 69. Bd5 Ne5 70. Kd4 Rc2 71. Rg7 Rc7 72. Rg8+ Ke7 73. Rh8 Nxg4 74. Rh7+ Kd6 75. Rh8 Ne5 76. Rxh6 Ra7 77. Rh8 Ra4+ 78. Ke3 Ra3+ 79. Ke2 Kc5 80. Rb8 Rh3 81. Kf2 Kd4 82. Rb4+ Kc5 83. Ra4 Nd3+ 84. Kg2 Nf4+ 85. Kf2 Nxd5 86. Ra5+ Kd4 87. exd5 Ke5 88. Ra6 Rd3 89. Re6+ Kf5 90. Rd6 g5 91. Ke2 Rd4 92. Ke3 Rd1 93. Ke2 Ra1 94. Rd8 Ra5 95. d6 Rd5 96. Ke3 Ke5 97. Re8+ Kxd6 98. Rf8 Ke6 99. Re8+ Kf5 100. Ra8 Re5+ 101. Kf3 Rb5 102. Ra3 Kg6 103. Kg3 f5 104. Rc3 Kh5 105. Kh3 Rb4 106. Kg2 Rg4+ 107. Kf2 Rh4 108. Kg3 f4+ 109. Kg2 Kg4 110. Ra3 Rh6 111. Rb3 Re6 112. Rb2 Re2+ 113. Rxe2 f3+ 114. Kf2 fxe2 115. Kxe2 Kg3 0-1


[Site "https://www.chess.com"]

[Event "Titled Tuesday Blitz March 15 Late 2022"]
[White "Piliczewski, Bogusz"]
[Black "Curtis, John"]
[WhiteFideId "1104144"]
[BlackFideId "3200256"]
[WhiteElo "1896"]
[BlackElo "2203"]
[Result "0-1"]
[Round "10"]
[TimeControl "180+1"]
[Date "2022.03.16"]
[WhiteClock "0:00:04"]
[BlackClock "0:00:06"]

1. d4 Nf6 2. Nf3 e6 3. Bf4 d5 4. e3 Bd6 5. Ne5 Nfd7 6. Bd3 Nc6 7. Qh5 Bxe5 8. dxe5 g6 9. Qh6 Qe7 10. Bb5 Qb4+ 11. Nc3 Qxb2 12. Kd2 Qb4 13. Bxc6 bxc6 14. Qg7 Qf8 15. Bh6 Qxg7 16. Bxg7 Rg8 17. Bf6 Nxf6 18. exf6 e5 19. f4 exf4 20. exf4 Be6 21. h3 Kd7 22. g4 Kd6 23. g5 Rab8 24. Rab1 Rb6 25. Rxb6 axb6 26. h4 c5 27. h5 c6 28. hxg6 hxg6 29. Rh7 b5 30. Ne2 Ra8 31. Nc1 Ra4 32. Rh4 c4 33. c3 c5 34. Rh8 b4 0-1


[Site "https://www.chess.com"]

[Event "Titled Tuesday Blitz March 15 Late 2022"]
[White "Plazuelo Pascual, Juan"]
[Black "Lock, Gavin R"]
[WhiteFideId "32059566"]
[BlackFideId "408646"]
[WhiteElo "2364"]
[BlackElo "2104"]
[Result "1-0"]
[Round "10"]
[TimeControl "180+1"]
[Date "2022.03.16"]
[WhiteClock "0:02:05"]
[BlackClock "0:00:01"]

1. Nf3 d5 2. g3 c5 3. Bg2 Nc6 4. d4 Nf6 5. O-O e6 6. c4 dxc4 7. Ne5 Bd7 8. Nxc4 cxd4 9. Bf4 Be7 10. Nd6+ Kf8 11. Nxb7 Qb6 12. Nd6 Qc5 13. b4 Qxb4 14. a3 Qc5 15. Qb3 Rb8 16. Nb7 e5 17. Nxc5 Rxb3 18. Nxb3 exf4 19. Rc1 Ne5 20. Nxd4 fxg3 21. hxg3 g6 22. Nc3 Kg7 23. Nd5 Nxd5 24. Bxd5 Bf6 25. e3 h5 26. Rc7 Bg4 27. f4 Nf3+ 28. Bxf3 Bxf3 29. Rb1 Bxd4 30. exd4 Rd8 31. Kf2 Be4 32. Rd1 Rd6 33. Rxa7 Bf5 34. d5 Kf6 35. a4 Bg4 36. Rd2 Bf5 37. a5 1-0


[Site "https://www.chess.com"]

[Event "Titled Tuesday Blitz March 15 Late 2022"]
[White "Rastbod, Ali"]
[Black "Kubicka, Anna"]
[WhiteFideId "12567477"]
[BlackFideId "1152254"]
[WhiteElo "2200"]
[BlackElo "2000"]
[Result "1-0"]
[Round "10"]
[TimeControl "180+1"]
[Date "2022.03.15"]
[WhiteClock "0:00:43"]
[BlackClock "0:00:38"]

1. c4 e5 2. Nc3 Nc6 3. Nf3 d6 4. d4 exd4 5. Nxd4 Nxd4 6. Qxd4 Nf6 7. g3 Be7 8. Bg2 O-O 9. O-O c6 10. b3 Be6 11. Bb2 Qd7 12. Rfd1 Rfd8 13. e4 Bh3 14. f3 Bxg2 15. Kxg2 h5 16. Ne2 h4 17. Nf4 Ne8 18. Qe3 Bf6 19. Bxf6 Nxf6 20. Rd3 Qe7 21. Rad1 Rd7 22. b4 b6 23. b5 cxb5 24. cxb5 Rc8 25. Nd5 Nxd5 26. Rxd5 Rc2+ 27. R1d2 Rdc7 28. Qf2 Qe6 29. Rxc2 h3+ 30. Kg1 Rxc2 31. Qxc2 Qf6 32. Qc8+ 1-0


[Site "https://www.chess.com"]

[Event "Titled Tuesday Blitz March 15 Late 2022"]
[White "Reprintsev, Alexander"]
[Black "Kujawski, Adam"]
[WhiteFideId "14100541"]
[BlackFideId "1100920"]
[WhiteElo "2108"]
[BlackElo "2053"]
[Result "1-0"]
[Round "10"]
[TimeControl "180+1"]
[Date "2022.03.16"]
[WhiteClock "0:00:09"]
[BlackClock "0:00:05"]

1. e4 e5 2. f4 exf4 3. Bc4 f5 4. exf5 Qh4+ 5. Kf1 f3 6. d3 fxg2+ 7. Kxg2 Nf6 8. Nc3 b5 9. Bd5 Nxd5 10. Nxd5 Bb7 11. c4 Bc5 12. Qe2+ Kf7 13. Qe4 Qf2+ 14. Kh3 Re8 15. Qf3 Nc6 16. Qxf2 Bxf2 17. Nf3 Rac8 18. Bf4 Nd4 19. Ne5+ Kg8 20. Rhf1 d6 21. Ng4 1-0


[Site "https://www.chess.com"]

[Event "Titled Tuesday Blitz March 15 Late 2022"]
[White "Riehle, Marco"]
[Black "Matinian, Nikita"]
[WhiteFideId "12904392"]
[BlackFideId "24129100"]
[WhiteElo "2462"]
[BlackElo "2422"]
[Result "1-0"]
[Round "10"]
[TimeControl "180+1"]
[Date "2022.03.15"]
[WhiteClock "0:00:18"]
[BlackClock "0:00:01"]

1. e4 d6 2. d4 g6 3. c4 a6 4. Nc3 Bg7 5. f3 Nc6 6. Be3 e5 7. d5 Nd4 8. Nge2 c5 9. dxc6 Nxc6 10. Qd2 Be6 11. O-O-O Bxc4 12. g4 Rc8 13. Kb1 Nge7 14. h4 Qa5 15. h5 Nb4 16. Nc1 Bxf1 17. Rdxf1 d5 18. h6 Bf8 19. exd5 Nexd5 20. Rd1 Rd8 21. Nxd5 Rxd5 22. Qc3 Nc6 23. Qb3 Rxd1 24. Rxd1 Qb5 25. Qxb5 axb5 26. Rd5 b4 27. Nd3 f6 28. Rb5 Nd8 29. g5 Be7 30. gxf6 Bxf6 31. Nxb4 Rf8 32. Nd5 Bh4 33. f4 exf4 34. Bxf4 g5 35. Bc7 Rf1+ 36. Kc2 Rf2+ 37. Kd3 g4 38. Rb4 Rf3+ 39. Ke2 Rf2+ 40. Ke3 Rf3+ 41. Ke4 Ne6 42. Be5 Rf1 43. Ke3 g3 44. Rxh4 g2 45. Bh2 g1=Q+ 46. Bxg1 Rxg1 47. Nf6+ Kf7 48. Nxh7 Rg3+ 49. Kf2 Rd3 50. Rb4 Kg6 51. Rxb7 1-0


[Site "https://www.chess.com"]

[Event "Titled Tuesday Blitz March 15 Late 2022"]
[White "Risteski, Emil"]
[Black "Rustemov, Alexander"]
[WhiteFideId "15005267"]
[BlackFideId "4119002"]
[WhiteElo "2070"]
[BlackElo "2757"]
[Result "0-1"]
[Round "10"]
[TimeControl "180+1"]
[Date "2022.03.15"]
[WhiteClock "0:00:05"]
[BlackClock "0:00:06"]

1. e4 e6 2. d3 d5 3. Nd2 c5 4. Ngf3 Nc6 5. g3 g6 6. Bg2 Bg7 7. O-O Nge7 8. Re1 b6 9. c3 Qc7 10. h4 h6 11. Nf1 d4 12. cxd4 Nxd4 13. Nxd4 Bxd4 14. Be3 Nc6 15. Rb1 e5 16. Bd2 Kf8 17. Ne3 Bxe3 18. Bxe3 Kg7 19. a3 a5 20. Qa4 Ba6 21. Red1 Rhd8 22. Bf1 h5 23. Qc2 Qd6 24. Qc3 Bc8 25. f3 Be6 26. Rbc1 Rac8 27. f4 f6 28. Rd2 Nd4 29. Rf2 Bg4 30. fxe5 Qxe5 31. Bf4 Qe6 32. Kh1 Rd7 33. Re1 Rcd8 34. e5 f5 35. Bg5 Bf3+ 36. Kh2 Re8 37. Bf6+ Kh7 38. b4 f4 39. Bh3 Bg4 40. Bg2 f3 41. Bf1 axb4 42. axb4 Ra8 43. bxc5 bxc5 44. Qxc5 Ne2 45. Bxe2 fxe2 46. Qe3 Ra3 47. Qc5 Raxd3 48. Qf8 Qg8 49. Qxg8+ Kxg8 50. Rg2 Rd1 51. e6 R7d6 52. Rgg1 Rxe6 53. Kg2 Rxf6 54. Kh1 Rxe1 55. Rxe1 Rf1+ 56. Kh2 Rxe1 57. Kg2 Rg1+ 58. Kh2 Bf3 59. g4 Rh1+ 60. Kg3 e1=Q+ 61. Kf4 Qe4+ 62. Kg5 Qxg4+ 63. Kh6 Qf4+ 64. Kxg6 Be4+ 65. Kxh5 Qf5+ 66. Kh6 Qg6# 0-1


[Site "https://www.chess.com"]

[Event "Titled Tuesday Blitz March 15 Late 2022"]
[White "Romero Ruscalleda, Josep"]
[Black "Mangialardo, Tiago Carvalho"]
[WhiteFideId "2231859"]
[BlackFideId "2130718"]
[WhiteElo "2328"]
[BlackElo "2095"]
[Result "1-0"]
[Round "10"]
[TimeControl "180+1"]
[Date "2022.03.16"]
[WhiteClock "0:00:43"]
[BlackClock "0:00:02"]

1. e4 Nf6 2. e5 Nd5 3. Nf3 d6 4. Bc4 e6 5. d4 Nc6 6. O-O Nb6 7. Bd3 Be7 8. c3 O-O 9. Qe2 Re8 10. Bf4 Bf8 11. Nbd2 Nd5 12. Bg3 Nde7 13. exd6 cxd6 14. Ne4 Nf5 15. Rfe1 Bd7 16. Qc2 h6 17. Re2 Rc8 18. Qd2 Qa5 19. b4 Qd8 20. a4 a5 21. b5 Na7 22. Rae1 Rb8 23. Bb1 Nc8 24. Bf4 Nb6 25. Ng3 Nxg3 26. Bxg3 Nxa4 27. Qc2 g6 28. Qxa4 Rc8 29. c4 Qc7 30. Bd3 Qb6 31. Rb1 Rc7 32. c5 Rcc8 33. cxb6 1-0


[Site "https://www.chess.com"]

[Event "Titled Tuesday Blitz March 15 Late 2022"]
[White "Sadilek, Peter"]
[Black "Hess, Max"]
[WhiteFideId "1616439"]
[BlackFideId "24656666"]
[WhiteElo "2145"]
[BlackElo "2276"]
[Result "0-1"]
[Round "10"]
[TimeControl "180+1"]
[Date "2022.03.16"]
[WhiteClock "0:00:06"]
[BlackClock "0:00:22"]

1. Nf3 d5 2. d4 Nf6 3. c4 e6 4. g3 dxc4 5. Bg2 c5 6. O-O Nc6 7. dxc5 Qxd1 8. Rxd1 Bxc5 9. Nbd2 c3 10. bxc3 O-O 11. Nb3 Be7 12. c4 Bd7 13. Bb2 Rfc8 14. Bxf6 Bxf6 15. Rxd7 Bxa1 16. Nxa1 Rd8 17. Rxd8+ Rxd8 18. Nb3 Rd1+ 19. Bf1 Rb1 20. Nfd2 Rb2 21. Bg2 Rxa2 22. Bxc6 bxc6 23. Ne4 a5 24. Nec5 a4 25. Nd4 a3 26. Nxc6 Rb2 27. Na5 a2 28. Nab3 Rxe2 29. Kg2 Re1 30. Nd3 Rb1 31. Ndc5 a1=Q 32. Nxa1 Rxa1 33. Ne4 Rc1 34. c5 f5 35. Ng5 e5 36. g4 fxg4 37. Kg3 Rxc5 38. Kxg4 h6 39. Ne4 Ra5 40. Kf5 Kf7 41. h4 g6+ 42. Kg4 Ra4 43. f3 Rxe4+ 44. fxe4 Kf6 45. h5 gxh5+ 46. Kxh5 Kg7 47. Kg4 Kg6 48. Kh4 h5 49. Kg3 Kg5 50. Kf3 h4 51. Kg2 Kg4 52. Kh2 Kf4 53. Kh3 Kxe4 54. Kxh4 Kd3 55. Kg3 e4 56. Kf2 Kd2 0-1


[Site "https://www.chess.com"]

[Event "Titled Tuesday Blitz March 15 Late 2022"]
[White "Sanchez Alvares, Kelvin Antonio"]
[Black "Badelka, Olga"]
[WhiteFideId "3906680"]
[BlackFideId "13509926"]
[WhiteElo "2193"]
[BlackElo "2165"]
[Result "1-0"]
[Round "10"]
[TimeControl "180+1"]
[Date "2022.03.15"]
[WhiteClock "0:00:50"]
[BlackClock "0:00:04"]

1. e4 c5 2. Nf3 Nc6 3. d4 cxd4 4. Nxd4 e5 5. Nb5 d6 6. c4 Be7 7. N1c3 a6 8. Na3 f5 9. g3 Nf6 10. Bg2 O-O 11. O-O Be6 12. exf5 Bxf5 13. Nc2 Kh8 14. Ne3 Be6 15. Ncd5 Nd4 16. Nxf6 gxf6 17. Bxb7 f5 18. f4 Rb8 19. Bg2 Qb6 20. Kh1 Bf6 21. Rb1 Qa5 22. a3 Qc7 23. b3 Qa7 24. b4 Bd7 25. Bb2 Bc6 26. Nd5 Bxd5 27. Bxd5 a5 28. Bc3 axb4 29. Bxb4 Rfd8 30. Qh5 e4 31. Rbd1 Bg7 32. Rxd4 Qxd4 33. Qxf5 e3 34. Be4 Kg8 35. Qxh7+ Kf8 36. Bd5 e2 37. Re1 Qf2 38. Qg8+ 1-0


[Site "https://www.chess.com"]

[Event "Titled Tuesday Blitz March 15 Late 2022"]
[White "Sarana, Alexey"]
[Black "Barp, Alberto"]
[WhiteFideId "24133795"]
[BlackFideId "872555"]
[WhiteElo "2666"]
[BlackElo "2229"]
[Result "1-0"]
[Round "10"]
[TimeControl "180+1"]
[Date "2022.03.15"]
[WhiteClock "0:01:24"]
[BlackClock "0:00:55"]

1. d4 Nf6 2. c4 e6 3. Nc3 Bb4 4. Qc2 d5 5. cxd5 exd5 6. Bg5 O-O 7. e3 Re8 8. Bd3 c5 9. Bxh7+ Kh8 10. Nf3 Nc6 11. O-O Bxc3 12. bxc3 Qd6 13. dxc5 Qxc5 14. Bxf6 gxf6 15. Nd4 Kg7 16. Bd3 Ne5 17. Bf5 Be6 18. f4 Nc4 19. Rf3 Kf8 20. Bxe6 fxe6 21. Qh7 1-0


[Site "https://www.chess.com"]

[Event "Titled Tuesday Blitz March 15 Late 2022"]
[White "Sarkar, Justin"]
[Black "Mickiewicz, Piotr"]
[WhiteFideId "2010011"]
[BlackFideId "1114891"]
[WhiteElo "2038"]
[BlackElo "2266"]
[Result "1/2-1/2"]
[Round "10"]
[TimeControl "180+1"]
[Date "2022.03.16"]
[WhiteClock "0:00:03"]
[BlackClock "0:00:59"]

1. e4 c5 2. Nf3 e6 3. d4 cxd4 4. Nxd4 Nf6 5. Nc3 d6 6. Bd3 a6 7. O-O b5 8. a4 b4 9. Na2 Bb7 10. Re1 d5 11. e5 Nfd7 12. Nxe6 Qb6 13. Nxf8 Nxf8 14. Be3 Qa5 15. Qg4 Ne6 16. Qxb4 Qxb4 17. Nxb4 d4 18. Bd2 Nd7 19. a5 Ndc5 20. f4 O-O 21. f5 Nxd3 22. Nxd3 Nc7 23. Bb4 Rfe8 24. Bd6 Nb5 25. Nc5 Bd5 26. Nd7 Rad8 27. Nb6 Bc6 28. Bc5 g6 29. f6 Re6 30. Rad1 h5 31. Be7 Re8 32. Rd2 Kh7 33. Rde2 g5 34. Nc4 Kg6 35. Nd6 Rb8 36. Nxb5 Bxb5 37. Rd2 Kf5 38. Rxd4 Rxe5 39. Rxe5+ Kxe5 40. Bd6+ Kxd4 41. Bxb8 Ke3 42. Bd6 g4 43. b3 Bd7 44. c4 Kd3 45. Kf2 h4 46. Bf4 Be6 47. Bg5 h3 48. gxh3 gxh3 49. Kg3 Kc3 50. Kf4 Kxb3 51. c5 Kc4 52. c6 Kb5 53. c7 Kxa5 54. Ke5 Kb6 55. Kd6 Kb7 56. Bf4 Kb6 57. Be3+ Kb7 58. Bd4 a5 59. Be5 Kb6 60. Ke7 a4 61. c8=Q Bxc8 62. Kxf7 Kc5 63. Ke7 Kd5 64. Ba1 Be6 65. f7 Bxf7 66. Kxf7 Ke4 67. Ke6 Kf3 68. Kd5 a3 69. Kc4 Kg2 70. Be5 a2 71. Kb3 a1=Q 72. Bxa1 Kxh2 73. Be5+ Kg2 74. Kc3 Kf3 75. Kd3 Kf2 76. Bd6 Kg2 77. Be5 h2 78. Bxh2 1/2-1/2


[Site "https://www.chess.com"]

[Event "Titled Tuesday Blitz March 15 Late 2022"]
[White "Sinitsina, Anastassia"]
[Black "Svicevic, Rastko"]
[WhiteFideId "4504640"]
[BlackFideId "916315"]
[WhiteElo "2144"]
[BlackElo "2132"]
[Result "1-0"]
[Round "10"]
[TimeControl "180+1"]
[Date "2022.03.16"]
[WhiteClock "0:00:13"]
[BlackClock "0:00:02"]

1. Nf3 c6 2. g3 d5 3. Bg2 g6 4. O-O Bg7 5. d3 e5 6. e4 dxe4 7. dxe4 Qc7 8. Qe2 Ne7 9. Nbd2 O-O 10. Nc4 Nd7 11. Re1 Nb6 12. Be3 Be6 13. Nfd2 Nxc4 14. Nxc4 b5 15. Nd2 Rfd8 16. Bc5 Nc8 17. Nb3 Nb6 18. Rad1 Nc4 19. c3 a5 20. Be3 f6 21. Nc5 Bf7 22. Bc1 Bf8 23. Nd3 Nb6 24. b3 c5 25. Be3 c4 26. Nb2 Rab8 27. Rxd8 Qxd8 28. Rd1 Qc7 29. Qc2 cxb3 30. axb3 Rc8 31. h4 Be6 32. Bf1 b4 33. c4 Nd7 34. Na4 Nc5 35. Bxc5 Bxc5 36. Kh2 Bd4 37. Bh3 Bxh3 38. Kxh3 Qa7 39. Kg2 Qb7 40. f3 f5 41. exf5 Rf8 42. Qe4 Qxe4 43. fxe4 gxf5 44. exf5 Rxf5 45. Rd2 e4 46. Rc2 Kf7 47. c5 1-0


[Site "https://www.chess.com"]

[Event "Titled Tuesday Blitz March 15 Late 2022"]
[White "Solon, Nathan"]
[Black "Kovanova, Baira"]
[WhiteFideId "2017229"]
[BlackFideId "4164083"]
[WhiteElo "2589"]
[BlackElo "2190"]
[Result "0-1"]
[Round "10"]
[TimeControl "180+1"]
[Date "2022.03.15"]
[WhiteClock "0:01:04"]
[BlackClock "0:01:01"]

1. d4 Nf6 2. c4 e6 3. g3 c5 4. d5 exd5 5. cxd5 d6 6. Bg2 g6 7. Nc3 Bg7 8. Nf3 O-O 9. O-O Re8 10. Bf4 a6 11. a4 Nh5 12. Bg5 Qc7 13. Qd2 Nd7 14. e4 Nhf6 15. Rfe1 Ng4 16. Qc2 Nde5 17. Nd2 h6 18. Bf4 g5 19. Bxe5 Nxe5 20. Nd1 Bd7 21. Ne3 b5 22. axb5 axb5 23. Kh1 c4 24. Bf1 Qb6 25. Kg2 Qd4 26. Nf5 Bxf5 27. exf5 Rxa1 28. Rxa1 Qxd5+ 29. f3 g4 30. Be2 Nd3 31. Ne4 Rxe4 32. fxe4 Qxe4+ 0-1


[Site "https://www.chess.com"]

[Event "Titled Tuesday Blitz March 15 Late 2022"]
[White "Sztokbant, Bernardo Vainzoff"]
[Black "Weber, Samuel"]
[WhiteFideId "2115956"]
[BlackFideId "12924008"]
[WhiteElo "2237"]
[BlackElo "2215"]
[Result "1/2-1/2"]
[Round "10"]
[TimeControl "180+1"]
[Date "2022.03.15"]
[WhiteClock "0:00:18"]
[BlackClock "0:00:06"]

1. c4 Nf6 2. Nf3 e6 3. g3 a6 4. Bg2 b5 5. b3 Bb7 6. O-O c5 7. Bb2 Be7 8. d4 cxd4 9. cxb5 axb5 10. Nxd4 Bxg2 11. Kxg2 Qb6 12. Nc3 b4 13. Na4 Qb7+ 14. Kg1 O-O 15. Rc1 Na6 16. Qd3 h5 17. Rc2 h4 18. Rfc1 h3 19. Qf3 d5 20. Nc6 Ne4 21. Nb6 Bg5 22. Nxa8 Bxc1 23. Rxc1 Rxa8 24. Qg4 f5 25. Qxh3 Nac5 26. Ne5 Rxa2 27. Rc2 Qa7 28. Qh5 Rxb2 29. Qe8+ Kh7 30. Rxb2 Qa1+ 31. Kg2 Qxb2 32. Qg6+ Kg8 33. Qf7+ Kh7 34. Qg6+ Kg8 35. Qf7+ Kh7 36. Qg6+ 1/2-1/2


[Site "https://www.chess.com"]

[Event "Titled Tuesday Blitz March 15 Late 2022"]
[White "Tabatabaei, M. Amin"]
[Black "Svane, Rasmus"]
[WhiteFideId "12521213"]
[BlackFideId "4657101"]
[WhiteElo "2544"]
[BlackElo "2645"]
[Result "1-0"]
[Round "10"]
[TimeControl "180+1"]
[Date "2022.03.15"]
[WhiteClock "0:00:03"]
[BlackClock "0:00:26"]

1. d4 Nf6 2. Nf3 d5 3. c3 e6 4. Bf4 Bd6 5. e3 O-O 6. Nbd2 c5 7. Ne5 Nc6 8. Bd3 Qc7 9. Ndf3 Ne7 10. h4 b6 11. h5 Bb7 12. h6 g6 13. Ng5 Ne4 14. Qf3 cxd4 15. exd4 Nxg5 16. Bxg5 Bxe5 17. Bxe7 Qxe7 18. dxe5 d4 19. Be4 Bxe4 20. Qxe4 dxc3 21. bxc3 Rac8 22. Qf4 Rxc3 23. O-O Rfc8 24. Rad1 R3c4 25. Qf3 Qg5 26. Rd7 Rf8 27. Rfd1 Qxe5 28. Rxf7 Rf4 29. Rxf8+ Rxf8 30. Qb7 Qf6 31. f3 g5 32. Qxa7 g4 33. Qxb6 gxf3 34. Qf2 Qg5 35. a4 Rf5 36. Rb1 Qf4 37. gxf3 Rg5+ 38. Kf1 Rh5 39. Qg2+ Kf8 40. Qg7+ Ke8 41. Qg8+ Kd7 42. Rb7+ Kc6 43. Qc8+ Kd5 44. Rb5+ Kd4 45. Qd7+ Kc3 46. Qc6+ Kd2 47. Rb2+ Kd3 48. Rb3+ Kd4 49. Rb4+ Ke3 50. Rxf4 Rb5 1-0


[Site "https://www.chess.com"]